 Dungeon Crawl Stone Soup version 0.29.1-15-g9cfb28693d (webtiles) character file.

Game seed: 6478118170399881171

46 croobank the Firebug (level 3, 0/26 HPs)
             Began as a Demonspawn Fire Elementalist on Apr 11, 2023.
             Slain by an ufetubus (1 damage)
             ... summoned by a kobold demonologist
             ... on level 3 of the Dungeon.
             The game lasted 00:06:23 (3004 turns).

croobank the Firebug (Demonspawn Fire Elementalist) Turns: 3004, Time: 00:06:23

Health: 0/26       AC:  5    Str:  8    XL:     3   Next: 44%
Magic:  6/6        EV: 12    Int: 18    God:
Gold:   166        SH:  0    Dex: 13    Spells: 3/6 levels left

rFire   . . .      SeeInvis .   b - +0 sling
rCold   . . .      Faith    .   (no shield)
rNeg    . . .      Spirit   .   q - +0 robe
rPois   .          Reflect  .   (no helmet)
rElec   .          Harm     .   k - +2 cloak
rCorr   .          Rampage  .   (no gloves)
Will    .....                   (no boots)
Stlth   ++........              (no amulet)
HPRegen 0.08/turn               (no ring)
MPRegen 0.10/turn               (no ring)

@: very slightly contaminated
A: powered by pain 2
a: no special abilities


You were on level 3 of the Dungeon.
You visited 1 branch of the dungeon, and saw 3 of its levels.

You collected 166 gold pieces.

Inventory:

Hand Weapons
 a - a +2 dagger of venom
 b - a +0 sling (weapon)
 f - a +0 short sword
 s - a +0 hand axe
 x - a +0 long sword
Missiles
 l - 3 poisoned darts
Armour
 c - a +0 leather armour
 k - a +2 cloak (worn)
 q - a +0 robe (worn)
Jewellery
 v - a +6 ring of strength
Wands
 y - a wand of flame (14)
Scrolls
 d - 4 scrolls of identify {unknown}
 g - a scroll of summoning {unknown}
 j - a scroll of torment {unknown}
 m - a scroll of fear {unknown}
 n - a scroll of blinking {unknown}
 o - a scroll of fog {unknown}
 w - a scroll of enchant weapon {unknown}
Potions
 e - 3 potions of curing {unknown}
 h - a potion of lignification {unknown}
 i - a potion of berserk rage {unknown}
 p - a potion of flight {unknown}
 r - a potion of magic
 t - 2 potions of brilliance {unknown}
 u - 2 potions of heal wounds {unknown}


   Skills:
 + Level 1.0 Fighting
 + Level 2.2 Dodging
 + Level 2.1 Stealth
 + Level 2.3 Spellcasting
 + Level 1.7 Conjurations
 + Level 2.9 Fire Magic


You had 3 spell levels left.
You knew the following spells:

 Your Spells              Type           Power      Damage    Failure   Level
a - Foxfire               Conj/Fire      40%        2x1d6     7%          1
b - Scorch                Fire           24%        2d6       8%          2

Your spell library contained the following spells:

 Spells                   Type           Power      Damage    Failure   Level
 Conjure Flame            Conj/Fire      10%        6-21      21%         3
 Inner Flame              Hex/Fire       7%         N/A       28%         3
 Call Canine Familiar     Summ           2%         N/A       47%         3
 Gell's Gravitas          Tloc           2%         N/A       47%         3
 Lesser Beckoning         Tloc           2%         N/A       47%         3
 Portal Projectile        Hex/Tloc       4%         N/A       47%         3
 Teleport Other           Tloc           2%         N/A       47%         3
 Flame Wave               Conj/Fire      10%        2d6       56%         4
 Leda's Liquefaction      Hex/Erth       1%         N/A       87%         4


Dungeon Overview and Level Annotations

Branches:
Dungeon (3/15)

Altars:

Annotations:
D:3 1 transporter


Innate Abilities, Weirdness & Mutations

You sometimes gain power by taking damage.


Message History

Okay, then.
Casting: Foxfire (safe; 7% risk of failure)
Confirm with . or Enter, or press ? or * to list all spells.
You miscast Foxfire.
You are very lightly contaminated with residual magic.
Nothing appears to happen.
The foxfire hits the orc priest.
The orc priest is heavily wounded.
The kobold demonologist casts a spell.
There is an open door here.
Casting: Foxfire (safe; 7% risk of failure)
Confirm with . or Enter, or press ? or * to list all spells.
Flames lash the shadow imp.
The shadow imp is severely wounded.
The shadow imp's fire resistance burns away.
The orc priest casts a cantrip, but nothing happens.
Casting: Scorch (safe; 8% risk of failure)
Confirm with . or Enter, or press ? or * to list all spells.
Flames lash the kobold demonologist.
The kobold demonologist is lightly wounded.
The kobold demonologist's fire resistance burns away.
The ufetubus barely misses you. The ufetubus closely misses you.
The orc priest invokes the aid of Beogh against you.
Pain shoots through your body!
The ufetubus hits you but does no damage.
The ufetubus hits you. The ufetubus closely misses you. x2
Casting: Scorch (safe; 8% risk of failure)
Confirm with . or Enter, or press ? or * to list all spells.
You don't have enough magic to cast this spell.
Aiming: Throw Flame
Press: ? - help, Shift-Dir - straight line, p - orc priest
Okay, then.
The orc priest mumbles some strange prayers to Beogh against you.
Beogh smites you!
Ouch! That really hurt!
* * * LOW HITPOINT WARNING * * *
You focus on the pain.
You feel your power returning. The ufetubus hits you.
* * * LOW HITPOINT WARNING * * *
The ufetubus hits you.
You die...

#.##.....#.#.≈...≈.#..####
#...#. #.....)..#.#.≈~~~≈.#..#
#...#. .....#'###.#.≈~⌠~≈5#..#
#...#. .....#.# #.#o≈~~P≈o#..#
#..... ####.#.# #.#5≈..5≈K#..#
#..... ...#.#.# #.#5≈...≈5#..#
#..... ##.#.#.# #.####'####..#
#..... #.#.#.# #.#P...5.P#..#
###### #.#.#.# #.#8P.©@P8#..##
######## #.#.#.#
#.#########...###....... #.#.#.#
#.....©.....#...........
#.#.#.#######...####............
##.#.#......##..## #.###........
...#.######.##.######.#
#.#####'#
##.#.######........<#.# #...#
#.. #..##.#..##.#..######.#
###.###'# #..#.##..#.##..# #.#
#....>.


You could see a kobold demonologist (combustible), an iron imp (summoned), 2 orc
priests, 4 shadow imps and an ufetubus (summoned).

Vanquished Creatures
  2 worms (D:2)
  5 bats
  6 endoplasms
  3 giant cockroaches
  2 goblins
  A hobgoblin (D:1)
  2 jackals (D:1)
  4 kobolds
  4 ball pythons
  4 frilled lizards
  6 rats
39 creatures vanquished.

Vanquished Creatures (others)
  60 foxfires
60 creatures vanquished.

Grand Total: 99 creatures vanquished

Notes
Turn   | Place    | Note
-------+----------+-------------------------------------------
     0 | D:1      | croobank the Demonspawn Fire Elementalist began the quest
                  | for the Orb.
     0 | D:1      | Reached XP level 1. HP: 13/13 MP: 3/3
   322 | D:1      | Gained mutation: You sometimes gain a little power by
                  | taking damage. [demonic ancestry]
   322 | D:1      | Reached XP level 2. HP: 20/20 MP: 0/5
   377 | D:1      | Learned a level 2 spell: Scorch
   388 | D:1      | Found a faded altar of an unknown god.
  1337 | D:2      | Gained mutation: You sometimes gain power by taking damage.
                  | [demonic ancestry]
  1337 | D:2      | Reached XP level 3. HP: 25/25 MP: 2/6
  2198 | D:3      | Found a transporter.
  2207 | D:3      | Noticed a kobold demonologist
  2678 | D:3      | Reached skill level 1 in Fighting
  2935 | D:3      | Found a transporter.
  3004 | D:3      | HP: 1/26 [ufetubus[a kobold demonologist] (4)]
  3004 | D:3      | Slain by an ufetubus

Illustrated notes

Levels and vault maps discovered:
D:1:      lemuel_arrival_cross, layout_rooms, hellmonk_ecumenical_altar_zigzags,
          minmay_misc_feat_rows, bh_walls_and_bars
D:2:      layout_basic, lemuel_flame_loot_1
D:3:      gammafunk_wand_slinger, layout_basic, minmay_liquid_box,
          nicolae_eternal_life, lexackson_kobold_supper

Skill      XL: |  1  2  3 |
---------------+----------+-----
Stealth        | 2 |  2.1
Dodging        | 2 |  2.2
Fighting       | 1 |  1.0
Spellcasting   | |  2.3
Conjurations   | |  1.7
Fire Magic     | |  2.9

Action                   || total
-------------------------++-------
Melee: Unarmed           ||    11
 Fire: Sling             ||    16
 Cast: Foxfire           ||    33
       Scorch            ||    22
Armor: Robe              ||    10
Dodge: Dodged            ||    24
